 Dungeon Crawl Stone Soup version 0.29.0-13-gc9e81de378 (webtiles) character file.

Game seed: 1225169270101737057

273679 freelancePsychic the Warrior (level 21, -2/198 HPs)
             Began as a Meteoran Berserker on Sept 10, 2022.
             Was the Champion of Trog.
             Slain by a golden dragon (14 damage)
             ... on level 1 of the Realm of Zot.
             The game lasted 01:14:58 (10569 turns).

freelancePsychic the Warrior (Meteoran Berserker)  Turns: 10569, Time: 01:14:58

Health: -2/198     AC: 31    Str: 19    XL:     21   Next: 50%
Magic:  22/22      EV: 17    Int: 11    God:    Trog [******]
Gold:   1836       SH: 21    Dex: 27    Spells: 20/20 levels left

rFire   + + .      SeeInvis .   a - +7 Singing Sword {vorpal, sonic wave}
rCold   + . .      Faith    .   S - +4 kite shield "Geecetz" {Harm}
rNeg    . . .      Spirit   .   T - +5 plate armour of the Meager Slorg {+Blink Will+++ Regen+ Int-2}
rPois   +          Reflect  .   K - +1 hat "Mayneergh" {Int+4 Dex+3}
rElec   .          Harm     +   N - scarf {rC+ rF+}
rCorr   +          Rampage  .   q - +2 pair of gloves
Will    +++++                   B - +2 pair of boots {Fly}
Stlth   ..........              O - amulet of Vitality {RegenMP++ Regen++}
HPRegen 2.83/turn               R - +4 ring of slaying
MPRegen 0.98/turn               P - ring "Iwowok" {rPois rF+ rCorr Slay+3}

@: flying, glowing, studying 2 skills, unable to read
A: sense surroundings 3, otherworldly, glowing, explore regen, weak 1, inability
to read after injury 1
}: 3/15 runes: decaying, slimy, gossamer
a: Renounce Religion, Evoke Blink, Berserk, Trog's Hand, Brothers in Arms


You were on level 1 of the Realm of Zot.
You worshipped Trog.
Trog was exalted by your worship.
You visited 8 branches of the dungeon, and saw 41 of its levels.
You also visited: Ossuary, Bailey and Ice Cave.

You collected 3326 gold pieces.
You spent 1490 gold pieces at shops.

Inventory:

Hand Weapons
 a - the +7 Singing Sword (weapon) {vorpal, sonic wave}
   (You bought it in a shop on level 2 of the Dungeon)

   It inflicts extra damage upon your enemies.
   It radiates damaging sonic waves as it strikes, especially in combat
   involving dangerous or numerous foes.
 b - the +4 demon blade "Pynopid" {flame, Will+ Dex+5 SInv}
   (Trog gifted it to you on level 4 of the Depths)

   It burns those it strikes, dealing additional fire damage.
   Big, fiery blades are also staple armaments of hydra-hunters.
   Dex:       It affects your dexterity (+5).
   SInv:      It lets you see invisible.
   Will:      It increases your willpower.
 v - the +7 spear of the Eternal Void {venom, rPois rF+ rN++}
   (You found it on level 7 of the Dungeon)

   It poisons the flesh of those it strikes.
   rF:        It protects you from fire.
   rPois:     It protects you from poison.
   rN:        It greatly protects you from negative energy.
 W - a +2 antimagic double sword
Missiles
 j - 18 boomerangs (quivered)
 F - 23 poisoned darts
 I - 4 throwing nets
Armour
 c - a +0 animal skin
 d - an orb of guile
 q - a +2 pair of gloves (worn)
 B - a +2 pair of boots of flying (worn)
 C - the +8 plate armour of Grace {rPois Will++}
   (You took it off a hobgoblin in a bailey)

   rPois:     It protects you from poison.
   Will:      It greatly increases your willpower.
 G - a +0 buckler
 J - a +2 cloak of stealth
 K - the +1 hat "Mayneergh" (worn) {Int+4 Dex+3}
   (You found it in an ice cave)

   Int:       It affects your intelligence (+4).
   Dex:       It affects your dexterity (+3).
 N - a scarf of resistance (worn)
 S - the +4 kite shield "Geecetz" (worn) {Harm}
   (You took it off Donald on level 3 of the Spider Nest)

   Harm:      It increases damage dealt and taken.
 T - the +5 plate armour of the Meager Slorg (worn) {+Blink Will+++ Regen+ Int-2}
   (You found it on level 3 of the Spider Nest)

   Int:       It affects your intelligence (-2).
   +Blink:    It lets you blink.
   Regen:     It increases your rate of health regeneration.
   Will:      It greatly increases your willpower.
Jewellery
 s - an amulet of regeneration
 t - a +6 ring of intelligence
 E - a ring of protection from fire
 O - the amulet of Vitality (around neck) {RegenMP++ Regen++}
   (You found it in an ice cave)

   [amulet of magic regeneration]

   It increases your rate of magic regeneration.
   Regen:     It increases your rate of health regeneration.
 P - the ring "Iwowok" (right hand) {rPois rF+ rCorr Slay+3}
   (You found it in an ice cave)

   [ring of resist corrosion]

   Slay:      It affects your accuracy & damage with ranged weapons and melee
   (+3).
   rF:        It protects you from fire.
   rPois:     It protects you from poison.
   rCorr:     It protects you from acid and corrosion.
 Q - an amulet of magic regeneration
 R - a +4 ring of slaying (left hand)
 Y - a ring of flight
Wands
 r - a wand of roots (21)
 u - a wand of quicksilver (7)
 y - a wand of paralysis (32)
 Z - a wand of flame (16)
Scrolls
 g - 6 scrolls of teleportation {@r4}
 n - a scroll of vulnerability
 A - a scroll of enchant armour
 M - a scroll of immolation
 V - 2 scrolls of blinking
Potions
 h - 3 potions of mutation
 i - a potion of cancellation
 k - 2 potions of brilliance
 l - 5 potions of curing {@q1}
 m - 3 potions of heal wounds {@q2}
 o - 6 potions of haste {@q3}
 p - 5 potions of flight
 w - 3 potions of magic
 x - 5 potions of ambrosia
 z - 2 potions of might
 H - a potion of attraction
 L - a potion of berserk rage {unknown}
 U - a potion of invisibility {unknown}
 X - a potion of resistance
Miscellaneous
 f - a condenser vane (inert)
 D - a phial of floods


   Skills:
 * Level 19.2 Fighting
 - Level 16.0 Long Blades
 - Level 4.4 Maces & Flails
 - Level 15.3 Throwing
 + Level 17.5 Armour
 + Level 16.3 Dodging
 - Level 17.4 Shields
 - Level 7.7 Evocations


You had 20 spell levels left.
You didn't know any spells.
Your spell library was empty.

Dungeon Overview and Level Annotations

Branches:
Dungeon (15/15) Zot: 3998  Temple (0/1) D:4            Lair (5/5) D:8 Zot: 2138
  Swamp (4/4) Lair:3 Zot: 1795  Spider (4/4) Lair:3 Zot: 1040   Slime (5/5) Lair:5 Zot: 2477
    Orc (2/2) D:10 Zot: 531     Elf (0/3) Orc:2        Depths (4/4) D:15 Zot: 2083
    Zot (2/5) Depths:4 Zot: 959 Ossuary (visited)          Bailey (visited)
  IceCv (visited)
 Vaults: D:13-14

Altars:
Ashenzari
Fedhas
Okawaru
Trog
Yredelemnul

Shops:
D:1 :   D:2 ?(   D:8 !   D:13 ((*   Orc:2 =

Portals:
Abyss: D:15

Annotations:
D:15 2 transporters, Kefanin's ghost, adept GrEE
Lair:5 3 runed translucent doors
Spider:2 1 runed translucent door
Orc:2 Saint Roka


Innate Abilities, Weirdness & Mutations

You passively map a large area around you.
You are easily found by Zot.
You glow in the dark.
You regain HP and MP as you explore.
You are weak. (Str -2)
You occasionally lose the ability to read scrolls when taking damage.


Message History

A green draconian monk comes into view.
The black draconian knight closely misses you.
The golden dragon barely misses you.
You block the golden dragon's attack. x2
The purple draconian hits you with a +0 mace!
The red draconian scorcher hits you but does no damage.
The black draconian knight breathes lightning at you.
The bolt of lightning hits you!!
You feel threatened and lose the ability to read scrolls!
* * * LOW HITPOINT WARNING * * *
The bolt of lightning hits you!!!
* * * LOW HITPOINT WARNING * * *
You fly upwards.
There is a stone staircase leading down here.
You feel much better.
The red draconian scorcher breathes fire at you.
The searing blast hits you. You resist.
* * * LOW HITPOINT WARNING * * *
The golden dragon breathes cold at you. The bolt of cold hits you! You resist.
* * * LOW HITPOINT WARNING * * *
You hear a sizzling sound!
The purple draconian breathes dispelling energy at you.
The bolt of dispelling energy hits you but does no damage.
You cannot read scrolls in your current state!
You feel much better.
You block the red draconian scorcher's attack.
You block the purple draconian's attack.
The golden dragon bites you!
* * * LOW HITPOINT WARNING * * *
The golden dragon claws you but does no damage.
The golden dragon tramples you!
* * * LOW HITPOINT WARNING * * *
You hold your ground!
You feel much better.
The red draconian scorcher casts a spell at you.
The bolt of magma hits you!! You partially resist.
* * * LOW HITPOINT WARNING * * *
The purple draconian closely misses you.
The golden dragon bites you!
You die...

,, ,, ,.... , ##^.# ,
* #...#* , ,* #...# *
*, ###...# **, , ,
#.....# , +, * #####
#?....# , #...#
#.....##### , , **
#...# ##.....#@q.# ,
#...#####......d[D.#
* ,*
...∩...............#
*
......†..........###*
, *
...#######...#####
... ,,........ , ###
* *###...### * , ,
##### * *


You could see a golden dragon (catching breath), a purple draconian (catching
breath) and a red draconian scorcher.

Vanquished Creatures
  the Royal Jelly (Slime:5)
  Bai Suzhen (Spider:3)
  A golden dragon (Depths:3)
  Arachne (Spider:3)
  2 tentacled monstrosities
  Jorgrun (Orc:2)
  A quicksilver dragon (Depths:3)
  22 acid blobs
  3 storm dragons
  A tengu reaver (Depths:4)
  A draconian monk (Zot:1)
  10 azure jellies
  A frost giant (Depths:4)
  Donald (Spider:3)
  13 rockslimes
  A fenstrider witch (Swamp:4)
  4 emperor scorpions
  4 ghost moths
  12 quicksilver oozes
  An iron dragon (Depths:3)
  A draconian stormcaller (Depths:4)
  A draconian annihilator (Zot:2)
  4 stone giants
  A vampire knight (Depths:4)
  2 spriggan defenders (Depths:3)
  A broodmother (Spider:3)
  3 green draconians
  2 eleionomae
  3 white draconians
  2 red draconians (Zot:2)
  A spark wasp (Spider:3)
  A bunyip (Swamp:3)
  A purple draconian (Depths:4)
  2 yellow draconians (Depths:4)
  2 entropy weavers
  An ettin (D:15)
  2 fire dragons
  A great orb of eyes (Slime:5)
  Fannar (Lair:3)
  4 shambling mangroves
  2 boulder beetles (Spider:3)
  A deep elf high priest (Depths:4)
  4 radroaches
  An ice dragon (Depths:4)
  17 hydras
  3 centaur warriors
  A jorogumo (Spider:4)
  2 spriggan air magi (Depths:3)
  A ghost crab (Swamp:3)
  2 two-headed ogres
  A vampire mage (Depths:3)
  8 death scarabs (Spider:4)
  2 tengu warriors
  6 alligators
  5 death yaks
  A deep troll shaman (Depths:4)
  A deep troll earth mage (Depths:4)
  6 spriggans
  7 hell knights (Depths:3)
  A spriggan berserker (Depths:4)
  A deep elf knight (D:14)
  3 skeletal warriors (D:15)
  An iron troll (Depths:4)
  A death drake (Swamp:3)
  4 deep trolls
  2 goliath frogs
  A sun moth (Lair:3)
  8 bog bodies
  7 pharaoh ants
  2 glowing orange brains
  4 orb spiders
  14 steelbarb worms
  2 spriggan druids
  A lindwurm (Lair:5)
  13 swamp dragons
  Pikel (D:7)
  A lindwurm (shapeshifter) (D:15)
  A broodmother zombie (Spider:4)
  A spectral wolf spider (Spider:4)
  2 deep elf zephyrmancers (D:14)
  A necromancer (Depths:3)
  3 deep elf pyromancers
  3 manticores
  2 orc knights
  3 will-o-the-wisps
  3 oklob plants (Lair:5)
  7 ugly things
  4 shining eyes
  An orc sorcerer (Orc:2)
  6 cyclopes
  8 moths of wrath
  21 wolf spiders
  4 black mambas
  Maurice (Orc:1)
  4 gargoyles
  4 torpor snails
  4 cane toads
  2 ice statues (IceCv)
  4 eyes of devastation
  3 centaur skeletons (D:14)
  Psyche (D:8)
  4 rime drakes (IceCv)
  A spectral redback (Spider:4)
  An efreet (D:14)
  4 komodo dragons
  An unseen horror (D:9)
  8 demonic crawlers
  5 tengu conjurers
  3 polar bears
  A wolf spider simulacrum (D:14)
  8 tyrant leeches
  2 meliai (D:14)
  4 trolls
  14 hornets
  A spectral culicivora (Spider:4)
  55 slime creatures
  2 spectral jumping spiders (Spider:4)
  27 tarantellas
  3 spectral tarantellas (Spider:4)
  A jumping spider zombie (Spider:4)
  A tarantella zombie (Spider:4)
  3 blink frogs (Lair:5)
  A culicivora zombie (Spider:4)
  31 jumping spiders
  A vampire (D:9)
  30 culicivoras
  27 yaks
  Sigmund (D:3)
  A shadow (D:10)
  A wyvern (D:7)
  2 golden eyes (Slime:5)
  A wraith (D:11)
  65 redbacks
  2 steam dragons
  Grum (D:8)
  9 vampire mosquitoes
  12 swamp worms
  8 wargs
  An acid dragon (shapeshifter) (D:15)
  15 water moccasins
  An acid dragon (D:13)
  An ice beast (D:7)
  14 orc warriors
  6 swamp drakes (Swamp:4)
  An ogre (Orc:1)
  5 boggarts
  2 wolves (D:8)
  5 centaurs
  A lemure (D:7)
  6 kobold brigands
  3 gnoll sergeants (D:9)
  A water moccasin zombie (Ossuary)
  2 cane toad simulacra (Lair:2)
  6 scorpions
  6 bullfrogs
  9 wights
  An elephant simulacrum (Lair:2)
  6 lindwurm simulacra (IceCv)
  2 bullfrog zombies (Ossuary)
  3 centaur zombies (Ossuary)
  7 komodo dragon simulacra (IceCv)
  16 orc priests
  16 orc wizards
  A scorpion zombie (Ossuary)
  A centaur simulacrum (D:9)
  2 ogre zombies (Ossuary)
  A mummy (Ossuary)
  12 gnolls
  5 acid dragon simulacra (IceCv)
  6 adders
  A shadow imp (D:6)
  A white imp (D:7)
  3 steam dragon simulacra (IceCv)
  4 adder zombies (Ossuary)
  2 worms (D:2)
  2 dart slugs (D:2)
  32 orcs
  2 bats
  3 endoplasms
  A giant cockroach (D:3)
  4 gnoll zombies (Ossuary)
  8 goblins
  8 hobgoblins
  A quokka (D:4)
  7 ball pythons
  A frilled lizard (D:2)
  5 goblin zombies (Ossuary)
  A hobgoblin zombie (Ossuary)
  35 kobolds
  4 orc zombies (Ossuary)
  5 rats
985 creatures vanquished.

Vanquished Creatures (collateral kills)
  Harold (Orc:1)
  An orc knight (Orc:2)
  4 orc warriors
  An orc priest (Orc:2)
  2 orc wizards (Orc:2)
  6 orcs (Orc:2)
15 creatures vanquished.

Vanquished Creatures (others)
  A frost giant (Depths:4)
  10 foxfires
  26 fungi
  29 plants
  2 withered plants (Lair:5)
68 creatures vanquished.

Grand Total: 1068 creatures vanquished

Notes
Turn   | Place    | Note
-------+----------+-------------------------------------------
     0 | D:1      | freelancePsychic the Meteoran Berserker began the quest for
                  | the Orb.
     0 | D:1      | Reached XP level 1. HP: 19/19 MP: 2/2
    87 | D:1      | Reached XP level 2. HP: 17/26 MP: 3/3
   107 | D:2      | Found Xuzogir's Weapon Emporium.
   221 | D:1      | Reached skill level 1 in Long Blades
   221 | D:1      | Reached XP level 3. HP: 30/31 MP: 4/4
   275 | D:1      | Found Jurphoshu's Book Emporium.
   451 | D:2      | Found Cow Pompump's Magic Scroll Boutique.
   513 | D:2      | Reached XP level 4. HP: 40/40 MP: 5/5
   531 | D:3      | Noticed Sigmund
   596 | D:3      | Killed Sigmund
   597 | D:3      | Reached skill level 4 in Fighting
   597 | D:3      | Reached XP level 5. HP: 47/47 MP: 6/6
   597 | D:3      | Reached XP level 6. HP: 53/53 MP: 7/7
  1076 | D:4      | Reached XP level 7. HP: 59/59 MP: 8/8
  1127 | D:4      | Reached skill level 5 in Long Blades
  1244 | D:4      | Reached skill level 5 in Fighting
  1255 | D:5      | Entered Level 5 of the Dungeon
  1400 | D:5      | Found a broken altar of Ashenzari.
  1643 | D:6      | Reached XP level 8. HP: 64/68 MP: 9/9
  1653 | D:6      | Reached ** piety under Trog
  1679 | D:6      | Found a basalt altar of Yredelemnul.
  1749 | D:6      | Found a sand-covered staircase.
  1758 | Ossuary  | Entered an ossuary
  1869 | Ossuary  | Reached skill level 6 in Fighting
  1895 | Ossuary  | Reached skill level 5 in Dodging
  1914 | Ossuary  | Gained mutation: You passively map the area around you.
                  | [Meteoran growth]
  1914 | Ossuary  | Reached XP level 9. HP: 75/75 MP: 10/10
  1930 | Ossuary  | Noticed a silent spectre
  2111 | D:7      | Reached skill level 7 in Fighting
  2144 | D:7      | Reached *** piety under Trog
  2188 | D:7      | Noticed Pikel
  2217 | D:7      | Killed Pikel
  2218 | D:7      | Reached skill level 10 in Long Blades
  2218 | D:7      | Reached XP level 10. HP: 80/88 MP: 11/11
  2233 | D:7      | Identified the +7 spear of the Eternal Void {venom, rPois
                  | rF+ rN++}
  2279 | D:6      | Noticed a two-headed ogre
  2325 | D:8      | Noticed Grum
  2335 | D:8      | Killed Grum
  2336 | D:8      | Reached skill level 8 in Fighting
  2347 | D:8      | Found Jenom's Distillery.
  2382 | D:8      | Found a staircase to the Lair.
  2450 | D:8      | Found a flagged portal.
  2465 | Bailey   | Entered a bailey
  2518 | Bailey   | Reached skill level 1 in Throwing
  2677 | Bailey   | Identified the +8 plate armour of Grace {rPois Will++}
  2796 | D:8      | Noticed Psyche
  2803 | D:8      | Killed Psyche
  2803 | D:8      | Reached **** piety under Trog
  2916 | D:8      | Noticed a gargoyle
  2921 | D:8      | Killed a gargoyle
  2922 | D:8      | Reached skill level 9 in Fighting
  2922 | D:8      | Reached skill level 5 in Throwing
  2922 | D:8      | Reached XP level 11. HP: 97/97 MP: 12/12
  2950 | D:8      | Identified the +2 ring mail of Oblivion {Str+2 Dex+2}
  3091 | D:9      | Found an iron altar of Okawaru.
  3135 | D:9      | Noticed a manticore
  3143 | D:9      | Killed a manticore
  3221 | D:9      | Reached skill level 1 in Shields
  3307 | D:10     | Entered Level 10 of the Dungeon
  3319 | D:10     | Reached skill level 10 in Fighting
  3373 | D:10     | Found a staircase to the Orcish Mines.
  3391 | Orc:1    | Entered Level 1 of the Orcish Mines
  3528 | Orc:1    | Noticed Maurice
  3544 | Orc:1    | Noticed Harold
  3556 | Orc:1    | Killed Maurice
  3557 | Orc:1    | Killed Harold
  3568 | Orc:1    | Found a bloodstained altar of Trog.
  3627 | Orc:2    | Entered Level 2 of the Orcish Mines
  3650 | Orc:2    | Found Yfaery's Jewellery Shop.
  3662 | Orc:2    | Found a staircase to the Elven Halls.
  3702 | Orc:2    | Noticed Jorgrun
  3718 | Orc:2    | Killed Jorgrun
  3719 | Orc:2    | Reached XP level 12. HP: 108/108 MP: 13/13
  3730 | Orc:2    | Noticed an orc knight
  3753 | Orc:2    | Killed an orc knight
  3754 | Orc:2    | Reached skill level 5 in Shields
  3834 | Orc:2    | Reached skill level 11 in Fighting
  3834 | Orc:2    | Noticed an orc knight
  3838 | Orc:2    | Noticed an orc high priest
  3838 | Orc:2    | Noticed an orc knight
  4002 | Orc:2    | Noticed Saint Roka
  4328 | D:9      | Reached ***** piety under Trog
  4556 | D:11     | Noticed a two-headed ogre
  4564 | D:11     | Killed a two-headed ogre
  4597 | D:11     | Reached skill level 5 in Armour
  4774 | D:11     | Reached XP level 13. HP: 107/116 MP: 14/14
  4891 | D:12     | Noticed a five-headed hydra
  4910 | D:12     | Killed a five-headed hydra
  5240 | D:2      | Bought the +7 Singing Sword {vorpal, sonic wave} for 1200
                  | gold pieces
  5240 | D:2      | Found the +7 Singing Sword {vorpal, sonic wave}
  5446 | Lair:1   | Entered Level 1 of the Lair of Beasts
  5495 | Lair:1   | Noticed a death yak
  5497 | Lair:1   | Noticed a death yak
  5503 | Lair:1   | Killed a death yak
  5504 | Lair:1   | Reached skill level 15 in Long Blades
  5506 | Lair:1   | Killed a death yak
  5507 | Lair:1   | Reached skill level 12 in Fighting
  5626 | Lair:2   | Found a frozen archway.
  5634 | Lair:2   | Received a gift from Trog
  5640 | IceCv    | Entered an ice cave
  5749 | IceCv    | Identified the +1 hat "Mayneergh" {Int+4 Dex+3}
  5828 | IceCv    | Noticed a white draconian
  5828 | IceCv    | Found the amulet of Vitality {RegenMP++ Regen++}
  5842 | IceCv    | Killed a white draconian
  5871 | IceCv    | Identified the ring "Iwowok" {rPois rF+ rCorr Slay+3}
  6028 | Lair:3   | Reached skill level 10 in Throwing
  6042 | Lair:3   | Found a hole to the Spider Nest.
  6053 | Spider:1 | Entered Level 1 of the Spider Nest
  6059 | Spider:1 | Noticed an entropy weaver
  6061 | Spider:1 | Reached XP level 14. HP: 109/127 MP: 15/15
  6064 | Spider:1 | Reached skill level 13 in Fighting
  6068 | Spider:1 | Killed an entropy weaver
  6088 | Lair:3   | Reached skill level 10 in Armour
  6130 | Spider:1 | Reached skill level 14 in Fighting
  6131 | Spider:1 | Reached ****** piety under Trog
  6131 | Spider:1 | Received a gift from Trog
  6197 | Spider:2 | Noticed an emperor scorpion
  6204 | Spider:2 | Killed an emperor scorpion
  6205 | Spider:2 | Reached XP level 15. HP: 138/138 MP: 16/16
  6311 | Spider:2 | Found a runed translucent door.
  6336 | Spider:2 | Identified the +9 halberd of Mourning {vorpal, rF+ rC+ rN+}
  6407 | Spider:2 | Noticed an emperor scorpion
  6415 | Spider:2 | Killed an emperor scorpion
  6470 | Spider:3 | Identified the +4 kite shield "Geecetz" {Harm}
  6470 | Spider:3 | Noticed Donald
  6480 | Spider:3 | Killed Donald
  6518 | Spider:3 | Noticed a broodmother
  6526 | Spider:3 | Killed a broodmother
  6563 | Spider:3 | Identified the +5 plate armour of the Meager Slorg {+Blink
                  | Will+++ Regen+ Int-2}
  6574 | Spider:3 | Noticed Bai Suzhen
  6581 | Spider:3 | Reached skill level 15 in Fighting
  6588 | Spider:3 | Killed Bai Suzhen
  6589 | Spider:3 | Reached skill level 10 in Dodging
  6594 | Spider:3 | Noticed Arachne
  6598 | Spider:3 | Received a gift from Trog
  6602 | Spider:3 | Reached XP level 16. HP: 108/149 MP: 11/17
  6905 | Spider:3 | Killed a ghost moth
  6906 | Spider:3 | Reached skill level 10 in Shields
  6966 | Spider:4 | Entered Level 4 of the Spider Nest
  6988 | Spider:4 | Killed a ghost moth
  7101 | Spider:4 | Noticed an emperor scorpion
  7112 | Spider:4 | Killed an emperor scorpion
  7196 | Spider:4 | Killed a ghost moth
  7206 | Spider:4 | Noticed an emperor scorpion
  7211 | Spider:4 | Reached XP level 17. HP: 158/158 MP: 18/18
  7224 | Spider:4 | Received a gift from Trog
  7225 | Spider:4 | Reached skill level 16 in Fighting
  7248 | Spider:4 | Got a gossamer rune of Zot
  7384 | Spider:3 | Killed Arachne
  7431 | Lair:3   | Noticed Fannar
  7440 | Lair:3   | Killed Fannar
  7538 | Lair:3   | Found a staircase to the Swamp.
  7547 | Swamp:1  | Entered Level 1 of the Swamp
  7817 | Swamp:3  | Gained mutation: You passively map a large area around you.
                  | [Meteoran growth]
  7817 | Swamp:3  | Reached XP level 18. HP: 168/168 MP: 19/19
  7835 | Swamp:3  | Received a gift from Trog
  7840 | Swamp:4  | Entered Level 4 of the Swamp
  7995 | Swamp:4  | Reached skill level 17 in Fighting
  8019 | Swamp:4  | Got a decaying rune of Zot
  8034 | Swamp:4  | Reached skill level 15 in Armour
  8037 | Swamp:4  | Reached skill level 15 in Shields
  8278 | Lair:5   | Entered Level 5 of the Lair of Beasts
  8278 | Lair:5   | Found a runed translucent gate.
  8278 | Lair:5   | Found a runed translucent gate.
  8278 | Lair:5   | Found a runed translucent gate.
  8429 | Lair:5   | Received a gift from Trog
  8441 | Lair:5   | Found a staircase to the Slime Pits.
  8462 | Slime:1  | Entered Level 1 of the Pits of Slime
  8462 | Slime:1  | Noticed an acid blob
  8467 | Slime:1  | Killed an acid blob
  8473 | Slime:1  | Noticed an acid blob
  8486 | Lair:5   | Killed an acid blob
  8507 | Slime:1  | Reached XP level 19. HP: 90/177 MP: 20/20
  8513 | Slime:2  | Noticed an acid blob
  8519 | Slime:2  | Noticed an acid blob
  8520 | Slime:2  | Killed an acid blob
  8523 | Slime:2  | Noticed an acid blob
  8524 | Slime:2  | Killed an acid blob
  8556 | Slime:1  | Killed an acid blob
  8593 | Slime:3  | Noticed an acid blob
  8600 | Slime:3  | Killed an acid blob
  8630 | Slime:4  | Noticed an acid blob
  8630 | Slime:4  | Noticed an acid blob
  8636 | Slime:4  | Noticed an acid blob
  8642 | Slime:3  | Killed an acid blob
  8678 | Slime:4  | Noticed an acid blob
  8678 | Slime:4  | Noticed an acid blob
  8682 | Slime:4  | Killed an acid blob
  8687 | Slime:4  | Killed an acid blob
  8720 | Slime:4  | Noticed an acid blob
  8730 | Slime:3  | Killed an acid blob
  8753 | Slime:4  | Noticed an acid blob
  8757 | Slime:4  | Killed an acid blob
  8760 | Slime:4  | Killed an acid blob
  8764 | Slime:4  | Killed an acid blob
  8771 | Slime:4  | Gained mutation: You are weak. (Str -2) [a shining eye]
  8773 | Slime:4  | Gained mutation: You occasionally lose the ability to read
                  | scrolls when taking damage. [a shining eye]
  8786 | Slime:5  | Entered Level 5 of the Pits of Slime
  8801 | Slime:5  | Noticed an acid blob
  8808 | Slime:5  | Killed an acid blob
  8824 | Slime:5  | Noticed an acid blob
  8829 | Slime:5  | Killed an acid blob
  8829 | Slime:5  | Received a gift from Trog
  8830 | Slime:5  | Noticed an acid blob
  8836 | Slime:5  | Killed an acid blob
  8837 | Slime:5  | Noticed the Royal Jelly
  8839 | Slime:5  | Noticed an acid blob
  8846 | Slime:5  | Noticed an acid blob
  8849 | Slime:5  | Noticed an acid blob
  8849 | Slime:5  | Noticed an acid blob
  8849 | Slime:5  | Killed an acid blob
  8854 | Slime:5  | Noticed an acid blob
  8857 | Slime:5  | Killed the Royal Jelly
  8858 | Slime:5  | Reached skill level 18 in Fighting
  8860 | Slime:5  | Killed an acid blob
  8861 | Slime:5  | Killed an acid blob
  8862 | Slime:5  | Reached skill level 15 in Dodging
  8862 | Slime:5  | Reached XP level 20. HP: 117/187 MP: 21/21
  8890 | Slime:5  | Found the ring of the Octopus King
  8895 | Slime:5  | Reached skill level 15 in Throwing
  8925 | Slime:5  | Got a slimy rune of Zot
  9004 | Slime:5  | Reached skill level 1 in Evocations
  9401 | D:13     | Found Myonaxay's Assorted Antiques.
  9409 | D:13     | Bought a potion of haste for 290 gold pieces
  9451 | D:13     | Found Iri Lirgh's Weapon Shop.
  9527 | D:13     | Found Jucosh's Antique Weapon Boutique.
  9715 | D:14     | Received a gift from Trog
  9748 | D:15     | Entered Level 15 of the Dungeon
  9763 | D:15     | Found a blossoming altar of Fedhas.
  9793 | D:15     | Reached skill level 5 in Evocations
  9839 | D:15     | Found a transporter.
  9855 | D:15     | Identified the ring "Barach" {rF- rCorr Str+6 Dex+2}
  9862 | D:15     | Found a one-way gate to the infinite horrors of the Abyss.
  9865 | D:15     | Found a transporter.
  9886 | D:15     | Noticed Kefanin's ghost (adept GrEE)
  9960 | D:15     | Found a staircase to the Depths.
  9965 | Depths:1 | Entered Level 1 of the Depths
 10079 | Depths:3 | Noticed a golden dragon
 10108 | Depths:3 | Killed a golden dragon
 10123 | Depths:4 | Entered Level 4 of the Depths
 10140 | Depths:4 | Reached XP level 21. HP: 89/195 MP: 22/22
 10171 | Depths:4 | Identified the +4 demon blade "Pynopid" {flame, Will+ Dex+5
                  | SInv} (Trog gifted it to you on level 4 of the Depths)
 10171 | Depths:4 | Received a gift from Trog
 10278 | Depths:4 | Found a gate to the Realm of Zot.
 10304 | Zot:1    | Entered Level 1 of the Realm of Zot
 10308 | Zot:1    | Noticed a tentacled monstrosity
 10323 | Zot:1    | Killed a tentacled monstrosity
 10397 | Zot:1    | Reached skill level 19 in Fighting
 10411 | Zot:2    | Noticed a tentacled monstrosity
 10419 | Zot:2    | Killed a tentacled monstrosity
 10546 | Zot:2    | Noticed a golden dragon
 10565 | Zot:2    | HP: 1/198 [black draconian knight/bolt of lightning (44)]
 10569 | Zot:1    | Slain by a golden dragon

Illustrated notes

Levels and vault maps discovered:
D:1:      kennysheep_arrival_forest, layout_basic, serial_shops, shop
D:2:      layout_basic, serial_shops, nicolae_shop_waterfront, shop,
          nicolae_shop_stone
D:3:      layout_basic, kennysheep_decorative_pillar, uniq_sigmund, uniq_grinder
D:4:      layout_loops_cross, mainiacjoe_overflow_alcove_2,
          minmay_temple_entry_poolview, kennysheep_minor_cross
D:5:      layout_loops_cross, nicolae_ashenzari_panopticon, marbit_many_paths,
          minmay_misc_feat_nine_boxes
D:6:      layout_gridville, mainiacjoe_overflow_six_doors_small,
          nicolae_ossuary_entry_monument
D:7:      layout_basic, grunt_ministairs_1, uniq_pikel, uniq_prince_ribbit1
D:8:      cheibrodos_statue_roulette, layout_loops_corners, lair_entry_dummy,
          serial_shops, shop_statue, enter_bailey_7, uniq_grum, uniq_psyche
D:9:      kennysheep_blocky_room, layout_loops_corners, kennysheep_little_box,
          serial_ice, serial_ice_o, serial_ice_h, serial_ice_e, serial_ice_c,
          serial_ice_b, minmay_tree_intersection, grunt_ministairs_8,
          roderic_serpentine_path, kennysheep_generic_room_7
D:10:     layout_basic, orc_0_dummy
D:11:     layout_basic
D:12:     wad_mega_maze, layout_loops_corners, doesnt_xom_only_xom,
          uniq_nergalle, uniq_snorg
D:13:     minmay_glassy_protrusions, layout_long_grid, serial_shops, shop,
          nicolae_shop_statue_plus, kennysheep_mini, nicolae_shop_stone,
          kennysheep_mini_moat, grunt_qazlal_clouds
D:14:     layout_irregular_city, hangedman_vaults_entry_quadrant_bands,
          roderic_st_hans_cross
D:15:     hangedman_depths_entry_civil_slaughter, layout_rooms, fedhas_altar_1,
          gammafunk_ghost_abyssal_escape, serial_glass, glass_columns_c,
          glass_columns_a, glass_columns_b, glass_columns_a, glass_columns_a,
          glass_columns_b, glass_columns_c, glass_columns_a, glass_columns_c,
          glass_columns_c, glass_columns_a, glass_columns_b, glass_columns_a,
          glass_columns_b, uniq_louise
Lair:1:   layout_cave_pods, chequers_serial_rivers_small_3, st_stairs_7,
          serial_bayou_pond_a
Lair:2:   layout_cave_shapes, portal_ice_cave_entry_ice_simulacra,
          nicolae_quartered_pool_medium
Lair:3:   layout_regular_city, palyth_hydra_swamp_entry,
          spider_nest_entry_web_field, chequers_serial_rivers_marsh,
          serial_bayou_shore_b, grunt_megastairs_5, serial_bayou_shore_a,
          uniq_fannar
Lair:4:   layout_loops_ring, st_stairs_6, mumra_transporter_accident,
          infiniplex_staircase_pool_2, uniq_rupert
Lair:5:   due_jungle_book, layout_loops_ring, minmay_slime_entry_oklob_enclosed,
          gammafunk_ghost_icy
Swamp:1:  layout_basic_swamp, evilmike_swamp_ruin_rubble_2
Swamp:2:  layout_basic_swamp, evilmike_swamp_ruin_house_3, uniq_nikola
Swamp:3:  layout_falls_marsh, nicolae_swamp_ascending_descending_big,
          swamp_pool2
Swamp:4:  swamp_basic_johnstein, layout_basic_swamp
Spider:1: layout_spider_delve, hive_lemuel
Spider:2: cheibrodos_spider_deadly_dance
Spider:3: layout_spider_delve, hangedman_spider_tarantella_strand, uniq_arachne,
          uniq_donald, uniq_bai_suzhen
Spider:4: floodkiller_spider_rune_tomb
Slime:1:  layout_caves
Slime:2:  layout_caves
Slime:3:  layout_caves
Slime:4:  layout_caves
Slime:5
Orc:1:    layout_caves, trog_butcher_becter, uniq_harold, uniq_maurice
Orc:2:    grunt_orc_tribal_feast, layout_caves, serial_shops, shop_fountains,
          basic_altar, uniq_jorgrun, uniq_saint_roka
Depths:1: layout_basic, chequers_serial_rivers_micro_d, grunt_hell_horde,
          st_stairs_3, kennysheep_another_room, lightli_minifort,
          minmay_shop_grove, serial_bayou_shore_b
Depths:2: minmay_three_patterns, layout_cave_shapes, serial_shops,
          nicolae_shop_overgrown_old_shop, grunt_hell_entry_dis_grunt,
          nicolae_dithmenos_through_a_glass_darkly, pan_entry,
          minmay_staircase_bubble, firewood_loft, serial_bayou_shore_b
Depths:3: gammafunk_jiyva_shrine, layout_cave_pools, hangedman_decor_slide_cut,
          abyss_entry_flame_altar, hell_entry, lightli_gold_pyramid,
          infiniplex_staircase_split_hallway
Depths:4: grunt_zot_entry_pinwheel, layout_honeycomb, enter_ziggurat_a,
          pan_entry, minmay_misc_feat_diagonals, hell_entry, grunt_megastairs_2
Zot:1:    layout_misc_corridors, gammafunk_ghost_crypt, uniq_josephina
Zot:2:    circus_mu, layout_twisted_circle

Skill      XL: |  1  2  3  4  5  6  7  8  9 10 11 12 13 14 15 16 17 18 19 20 21 |
---------------+----------------------------------------------------------------+-----
Long Blades    | 1 2 4 6 7 10 11 12 14 16 | 16.0
Armour         | 3 4 5 8 10 12 13 14 15 16 17 | 17.5
Fighting       | 4 5 6 7 9 10 11 12 14 15 16 17 18 19 | 19.2
Dodging        | 3 5 7 8 10 11 12 13 15 16 | 16.3
Throwing       | 5 8 10 12 14 15 | 15.3
Shields        | 4 6 8 11 13 15 16 17 | 17.4
Evocations     | 7 |  7.7
Maces & Flails | |  4.4

Action                   |  1- 3 |  4- 6 |  7- 9 | 10-12 | 13-15 | 16-18 | 19-21 || total
-------------------------+-------+-------+-------+-------+-------+-------+-------++-------
Melee: Mace              |    46 |       |       |       |       |       |       ||    46
       Short sword       |    61 |    31 |       |       |       |       |       ||    92
       Dagger            |       |    13 |       |       |       |       |       ||    13
       Falchion          |       |       |   270 |   683 |    43 |       |       ||   996
       Punch             |       |       |     2 |     2 |       |       |       ||     4
       Double sword      |       |       |       |       |   307 |   479 |   407 ||  1193
       Demon blade       |       |       |       |       |       |       |    76 ||    76
Throw: Javelin           |       |       |     3 |       |     6 |     8 |    16 ||    33
       Boomerang         |       |       |       |     3 |    25 |    59 |    87 ||   174
       Dart              |       |       |       |     3 |       |       |       ||     3
Invok: Berserk           |     4 |     3 |     4 |    12 |     5 |     4 |     1 ||    33
       Trog's Hand       |       |       |     1 |     3 |     4 |     6 |     5 ||    19
       Brothers in Arms  |       |       |       |     2 |     1 |       |       ||     3
Evoke: Wand              |       |       |       |     7 |     1 |       |     1 ||     9
       Phial of floods   |       |       |       |     1 |     1 |     1 |       ||     3
       Condenser vane    |       |       |       |       |       |       |     2 ||     2
  Use: Scroll            |     1 |     3 |     9 |     8 |     7 |     7 |     6 ||    41
       Potion            |       |       |       |       |     2 |     2 |     7 ||    11
 Stab: Paralysed         |       |       |       |     7 |       |       |       ||     7
       Confused          |       |       |       |       |       |       |     4 ||     4
Armor: Animal skin       |    13 |     5 |       |       |       |       |       ||    18
       Ring mail         |       |     2 |   122 |    43 |       |       |       ||   167
       Plate armour      |       |       |       |   356 |   320 |   357 |   192 ||  1225
Dodge: Dodged            |    73 |    24 |   169 |   268 |   145 |   289 |   173 ||  1141
Block: Buckler           |       |       |       |   122 |   118 |       |       ||   240
       Kite shield       |       |       |       |       |    48 |   538 |   425 ||  1011
